 Seeded DCSS version 0.29-a0-1052-g6990b1bffc (webtiles) character file.

Game seed: 2672423559639122333 (custom seed)

91161 flotson the Protected (level 15, -14/180 (181) HPs)
             Began as a Demonspawn Delver on Aug 17, 2022.
             Was an Initiate of Gozag.
             Killed by a resonance strike
             ... invoked by a ragged hierophant
              (17 damage)
             ... in the Desolation of Salt.
             The game lasted 00:46:28 (25034 turns).

flotson the Protected (Demonspawn Delver)          Turns: 25034, Time: 00:46:29

HP:   -14/180 (181) AC: 30    Str: 25    XL:     15   Next: 54%
MP:   0/15          EV: 14    Int: 18    God:    Gozag
Gold: 4264          SH:  0    Dex: 15    Spells: 14/14 levels left

rFire   . . .      SeeInvis .   a - +0 broad axe (vorpal)
rCold   . . .      Faith    .   (no shield)
rNeg    . . .      Spirit   +   l - +0 shadow dragon scales
rPois   +          Reflect  .   P - +1 hat {Stlth+}
rElec   .          Harm     .   R - +1 cloak
rCorr   +          Rampage  .   O - +2 pair of gloves
Will    ++...                   q - +0 pair of boots
Stlth   ..........              G - amulet of guardian spirit
HPRegen 2.40/turn               e - ring "Vastrad" {*Slow Will+ rCorr Str+6 Int+6}
MPRegen 0.14/turn               r - ring of poison resistance

@: berserking (expiring), gold aura, studying Armour, lightly drained, very
quick
A: horns 2, yellow scales 3, demonic guardian 2, powered by death 2
a: Renounce Religion, Potion Petition, Call Merchant, Bribe Branch


You were in the Desolation of Salt.
You worshipped Gozag.
Gozag was most pleased with you.
You visited 5 branches of the dungeon, and saw 20 of its levels.
You also visited: Bailey, Gauntlet, Volcano and Desolation.

You collected 5909 gold pieces.
You spent 1484 gold pieces at shops.
You paid 161 gold pieces to Gozag.

Inventory:

Hand Weapons
 a - a +0 vorpal broad axe (weapon)
 b - the +3 glaive "Otwur" {spect, Stlth+}
   (You found it in a bailey)

   When its wielder attacks, the weapon's spirit leaps out and strikes again.
   The spirit shares a part of any damage it takes with its wielder.
   Stlth:     It makes you more stealthy.
Missiles
 E - 2 throwing nets (quivered)
 T - 5 silver javelins
Armour
 l - +0 shadow dragon scales (worn)
 o - a +4 plate armour of fire resistance
 q - a +0 pair of boots (worn)
 O - a +2 pair of gloves (worn)
 P - a +1 hat of stealth (worn)
 R - a +1 cloak (worn)
Jewellery
 e - the ring "Vastrad" (left hand) {*Slow Will+ rCorr Str+6 Int+6}
   (You found it in a Gauntlet)

   [ring of strength]

   Str:       It affects your strength (+6).
   Int:       It affects your intelligence (+6).
   rCorr:     It protects you from acid and corrosion.
   *Slow:     It may slow you when you take damage.
   Will:      It increases your willpower.
 r - a ring of poison resistance (right hand)
 t - a ring of flight
 G - an amulet of guardian spirit (around neck)
 I - a ring of ice
 M - a ring of fire
Wands
 g - a wand of digging (3)
 A - a wand of polymorph (27)
 B - a wand of charming (5)
 D - a wand of mindburst (6)
 L - a wand of quicksilver (14)
 Q - a wand of flame (25)
Scrolls
 c - 6 scrolls of fog
 m - a scroll of summoning
 p - a scroll of silence
 s - 3 scrolls of poison
 u - 10 scrolls of teleportation
 v - 8 scrolls of immolation
 w - 5 scrolls of vulnerability
 F - 3 scrolls of enchant weapon
 J - 2 scrolls of torment
 V - 2 scrolls of enchant armour
Potions
 d - a potion of attraction
 f - 12 potions of haste
 h - 2 potions of ambrosia
 k - 3 potions of heal wounds
 n - 7 potions of curing
 z - 3 potions of might
 C - 2 potions of lignification
 H - 4 potions of cancellation
 K - 5 potions of berserk rage
 U - 2 potions of resistance
Miscellaneous
 i - a box of beasts
 X - a condenser vane
 Y - a lightning rod (4/4)
 Z - a tin of tremorstones (2/2)


   Skills:
 + Level 12.2 Fighting
 + Level 11.1 Axes
 + Level 10.6 Throwing
 + Level 13.2 Armour
 + Level 11.0 Dodging
 - Level 4.5 Stealth
 + Level 11.8 Evocations


You had 14 spell levels left.
You didn't know any spells.
Your spell library contained the following spells:

 Spells                   Type           Power      Damage    Failure   Level
 Beastly Appendage        Tmut           0%         N/A       67%         1
 Freeze                   Ice            0%         1d3       67%         1
 Sandblast                Erth           0%         2d4       67%         1
 Shock                    Conj/Air       0%         1d3       67%         1
 Sting                    Tmut/Pois      0%         1d3       67%         1
 Passwall                 Tmut/Erth      0%         N/A       82%         2
 Poisonous Vapours        Pois/Air       0%         N/A       82%         2
 Searing Ray              Conj           0%         2d4       82%         2
 Wereblood                Tmut           0%         N/A       82%         2
 Dazzling Flash           Conj/Hex       0%         N/A       96%         3
 Frozen Ramparts          Ice            0%         1d1       96%         3
 Ignite Poison            Fire/Tmut/Pois 0%         N/A       96%         3
 Mephitic Cloud           Conj/Pois/Air  0%         N/A       96%         3
 Spider Form              Tmut/Pois      0%         N/A       96%         3
 Stone Arrow              Conj/Erth      0%         3d7       96%         3
 Swiftness                Air            0%         N/A       96%         3
 Airstrike                Air            0%         2d(0-16)  100%        4
 Hailstorm                Conj/Ice       0%         3d3       100%        4
 Olgreb's Toxic Radiance  Pois           0%         N/A       100%        4
 Agony                    Necr           0%         N/A       100%        5
 Freezing Cloud           Conj/Ice/Air   0%         6-21      100%        5
 Silence                  Hex/Air        0%         N/A       100%        5
 Starburst                Conj/Fire      0%         6d3       100%        6


Dungeon Overview and Level Annotations

Branches:
Dungeon (10/15)            Temple (1/1) D:7            Lair (5/5) D:9
  Swamp (0/4) Lair:3       Spider (0/4) Lair:3        Slime (0/5) Lair:5
    Orc (2/2) D:10            Elf (2/3) Orc:2        Bailey (visited)
Volcano (visited)         Desolation (1/1)          Gauntlet (visited)

Altars:
Ashenzari
Cheibriados
Dithmenos
Fedhas
Gozag
Hepliaklqana
Kikubaaqudgha
Makhleb
Nemelex Xobeh
Okawaru
Qazlal
Ru
Sif Muna
Trog
Uskayaw
Vehumet
Wu Jian
Xom
Yredelemnul
Jiyva

Shops:
D:5 *   D:8 (   Orc:1 ?   Orc:2 (?[(:   Elf:1 *


Innate Abilities, Weirdness & Mutations

You have a pair of horns on your head.
You are completely covered in yellow scales. (AC +4, rCorr)
A demonic guardian rushes to your aid.
You regenerate health from kills.


Message History

The saltling misses you.
Your ice devil hits the ironbound convoker.
Your ice devil freezes the ironbound convoker!
The ironbound convoker dies!
The saltling hits you but does no damage. x2
The servant of whispers hits you but does no damage.
The halazid warlock touches you but does no damage.
The servant of whispers misses you.
The ragged hierophant barely misses you.
The ironbound convoker hits you but does no damage.
You hit the saltling but do no damage.
You headbutt the saltling, but do no damage.
The saltling is severely damaged.
You slash the ironbound convoker!
You closely miss the servant of whispers.
You barely miss the halazid warlock. You hit the ragged hierophant.
You barely miss the saltling. You hit the saltling.
You barely miss the saltling. The saltling hits you.
* * * LOW HITPOINT WARNING * * *
The saltling barely misses you.
Your ice devil hits the saltling but does no damage.
The saltling hits you but does no damage. x2
Unknown command.
You hit the saltling.
You destroy the saltling!
You hit the ragged hierophant. You barely miss the saltling. x2
You slice the saltling!!
You destroy the saltling!
You closely miss the ironbound convoker.
You closely miss the servant of whispers.
You hit the halazid warlock.
The halazid warlock touches you but does no damage.
The ragged hierophant gestures at you while chanting.
A blast of power from the earth and the saltlings strikes you!
* * * LOW HITPOINT WARNING * * *
The servant of whispers hits you but does no damage.
The ragged hierophant gestures at you while chanting.
A blast of power from the earth and the saltlings strikes you!
You die...
Your body crumbles into a pile of gold.

#.... ......
#.... .......
#.... .........
#....##........#
#...............
#....S4.........
#...pa9.........
#..9a@9.........
#..aL99.∩.......
#...a.a.........
#.......∩....
#............
#............
#............
#............
#...........


You could see 3 ragged hierophants, 2 servants of whispers, a halazid warlock,
an ironbound convoker, a guardian serpent (strong), 5 saltlings and a friendly
ice devil (summoned).

Vanquished Creatures
  An orc warlord (Orc:1)
  A deep elf demonologist (Elf:1)
  A deep elf annihilator (Elf:1)
  A halazid warlock (Desolation)
  Fannar (Lair:3)
  A hydra (Lair:3)
  3 ogre magi (Orc:2)
  2 catoblepae
  14 two-headed ogres
  4 dancing weapons (Elf:1)
  14 death yaks
  A deep troll shaman (Lair:5)
  An orc high priest (Orc:2)
  A fire crab (shapeshifter) (Elf:1)
  3 deep elf knights (Elf:1)
  A fire crab (Gauntlet)
  4 deep elf archers
  A necromancer (Gauntlet)
  A lindwurm (Lair:5)
  18 deep elf pyromancers
  An orc knight (Orc:1)
  9 deep elf zephyrmancers (Elf:1)
  5 orc sorcerers
  7 elephants
  Maurice (D:8)
  6 black mambas
  12 cane toads
  Maggie (D:7)
  5 komodo dragons
  3 rime drakes
  An ice devil (Gauntlet)
  6 trolls
  2 polar bears
  A hornet (Lair:2)
  4 saltlings (Desolation)
  A tarantella (Lair:3)
  6 slime creatures
  6 dream sheep (Lair:5)
  8 blink frogs
  An air elemental (Elf:2)
  4 water elementals
  A shadow (D:9)
  4 spriggans (Bailey)
  5 wyverns
  2 fire elementals (Volcano)
  28 yaks
  4 basilisks (Lair:3)
  4 fire bats (Gauntlet)
  Grum (D:8)
  2 steam dragons
  An acid dragon (Bailey)
  3 wargs (Orc:1)
  3 hell hounds (Volcano)
  11 water moccasins
  An ice beast (D:7)
  3 sky beasts
  21 orc warriors
  4 black bears
  23 wolves
  25 ogres
  4 centaurs
  A phantom (D:7)
  3 kobold brigands
  9 bullfrogs
  A necrophage (D:4)
  A gnoll sergeant (D:6)
  2 scorpions
  6 wights (D:7)
  18 killer bees
  3 howler monkeys
  15 jellies
  6 hounds
  8 orc priests
  A gnoll bouda (D:4)
  Ijyb (D:5)
  Jessica (D:2)
  5 iguanas
  21 orc wizards
  A statue (D:8)
  A hound zombie (D:3)
  17 gnolls
  6 adders
  4 white imps
  An ufetubus (D:7)
  An adder skeleton (D:3)
  An adder zombie (D:3)
  3 worms
  4 dart slugs
  89 orcs
  13 bats
  23 endoplasms
  2 giant cockroaches
  12 goblins
  4 hobgoblins
  12 jackals (D:4)
  3 quokkas (D:2)
  3 training dummies (D:8)
  7 ball pythons
  A ball python skeleton (D:3)
  4 frilled lizards
  18 kobolds
  3 rats
  A bush (Lair:5)
  A plant (Lair:5)
651 creatures vanquished.

Vanquished Creatures (collateral kills)
  An orc warlord (Orc:1)
  A minotaur (Gauntlet)
  An ogre mage (Orc:2)
  2 two-headed ogres (Orc:2)
  2 death yaks (Lair:4)
  A deep elf knight (Elf:1)
  An ironbound convoker (Desolation)
  A deep elf pyromancer (Volcano)
  An elephant (Lair:5)
  A komodo dragon (Lair:4)
  A spriggan (Bailey)
  A wyvern (Lair:2)
  A fire elemental (Volcano)
  An orc warrior (Orc:1)
  2 wolves (Lair:5)
  2 ogres
  A wight (D:7)
  An iguana (Lair:3)
  An orc wizard (D:8)
  3 gnolls
  3 orcs
29 creatures vanquished.

Vanquished Creatures (others)
  A deep elf knight (Elf:1)
  An orc wizard (D:4)
  14 fungi
  34 plants
  2 withered plants (D:3)
52 creatures vanquished.

Grand Total: 732 creatures vanquished

Notes
Turn   | Place    | Note
-------+----------+-------------------------------------------
     0 | D:5      | flotson the Demonspawn Delver began the quest for the Orb.
     0 | D:5      | Reached XP level 1. HP: 18/18 MP: 1/1
    45 | D:4      | Noticed a hound
    73 | D:4      | Killed a hound
    74 | D:4      | Reached skill level 1 in Evocations
    74 | D:4      | Gained mutation: You are partially covered in yellow
                  | scales. (AC +2) [demonic ancestry]
    74 | D:4      | Reached XP level 2. HP: 1/24 MP: 2/2
    74 | D:4      | Gained mutation: You have a pair of small horns on your
                  | head. [demonic ancestry]
    74 | D:4      | Reached XP level 3. HP: 1/29 MP: 3/3
   442 | D:3      | Reached skill level 1 in Armour
   486 | D:2      | Noticed Jessica
  1107 | D:1      | Gained mutation: You regenerate a little health from kills.
                  | [demonic ancestry]
  1107 | D:1      | Reached XP level 4. HP: 28/35 MP: 4/4
  1642 | D:2      | Killed Jessica
  1914 | D:2      | Found a faded altar of an unknown god.
  2217 | D:3      | Gained mutation: You have a pair of horns on your head.
                  | [demonic ancestry]
  2217 | D:3      | Reached XP level 5. HP: 39/42 MP: 5/5
  2353 | D:3      | Found a sacrificial altar of Ru.
  2772 | D:4      | Reached skill level 2 in Armour
  2805 | D:4      | Gained mutation: A weak demonic guardian rushes to your
                  | aid. [demonic ancestry]
  2805 | D:4      | Reached XP level 6. HP: 47/48 MP: 6/6
  2815 | D:4      | Reached skill level 1 in Throwing
  2871 | D:4      | Found an iron altar of Okawaru.
  3080 | D:4      | Gained mutation: You are mostly covered in yellow scales.
                  | (AC +3) [demonic ancestry]
  3080 | D:4      | Reached XP level 7. HP: 23/55 MP: 7/7
  3290 | D:4      | Reached skill level 3 in Armour
  3699 | D:4      | Found a shadowy altar of Dithmenos.
  3927 | D:4      | Gained mutation: You regenerate health from kills. [demonic
                  | ancestry]
  3927 | D:4      | Reached XP level 8. HP: 61/61 MP: 8/8
  3988 | D:5      | Found Qenlom's Overcharged Wands.
  4016 | D:5      | Reached skill level 5 in Fighting
  4249 | D:5      | Found an ancient bone altar of Kikubaaqudgha.
  4531 | D:5      | Found an ornate altar of the Wu Jian Council.
  4533 | D:5      | Noticed Ijyb
  4545 | D:5      | Killed Ijyb
  4828 | D:6      | Reached skill level 4 in Armour
  5082 | D:6      | Found a burning altar of Makhleb.
  5087 | D:6      | Found a broken altar of Ashenzari.
  5089 | D:6      | Found a blossoming altar of Fedhas.
  5090 | D:6      | Found a sparkling altar of Nemelex Xobeh.
  5347 | D:6      | Gained mutation: You are completely covered in yellow
                  | scales. (AC +4, rCorr) [demonic ancestry]
  5347 | D:6      | Reached XP level 9. HP: 22/69 MP: 2/9
  5687 | D:7      | Found a staircase to the Ecumenical Temple.
  5702 | Temple   | Entered the Ecumenical Temple
  5982 | D:7      | Reached skill level 5 in Dodging
  5988 | D:7      | Reached skill level 5 in Axes
  6162 | D:7      | Reached skill level 5 in Evocations
  6227 | D:7      | Found a stormy altar of Qazlal.
  6290 | D:7      | Noticed Maggie
  6293 | D:7      | Killed Maggie
  6856 | D:8      | Reached skill level 5 in Armour
  7123 | D:8      | Reached XP level 10. HP: 55/77 MP: 10/10
  7507 | D:8      | Noticed Maurice
  7515 | D:8      | Killed Maurice
  7516 | D:8      | Reached skill level 5 in Throwing
  7568 | D:8      | Found Vineal's Firing Range.
  7989 | D:8      | Noticed Grum
  8013 | D:8      | Killed Grum
  8452 | D:8      | Found a radiant altar of Vehumet.
  8517 | D:9      | Found a flagged portal.
  8538 | Bailey   | Entered a bailey
  8555 | Bailey   | Reached skill level 6 in Armour
  8742 | Bailey   | Reached XP level 11. HP: 23/84 MP: 6/11
  8749 | Bailey   | Noticed a two-headed ogre
  8845 | Bailey   | Killed a two-headed ogre
  8995 | Bailey   | Identified the +3 glaive "Otwur" {spect, Stlth+}
  9300 | D:9      | Found a shimmering blue altar of Sif Muna.
  9694 | D:9      | Found a staircase to the Lair.
  9710 | D:9      | Found an opulent altar of Gozag.
  9831 | D:9      | Became a worshipper of Gozag Ym Sagoz the Greedy
  9853 | D:10     | Entered Level 10 of the Dungeon
  9855 | D:10     | Found a staircase to the Orcish Mines.
 10516 | D:10     | Found a hide-covered altar of Uskayaw.
 10616 | Lair:1   | Entered Level 1 of the Lair of Beasts
 10917 | Lair:1   | Reached skill level 7 in Armour
 11316 | Lair:1   | Noticed a catoblepas
 11327 | Lair:1   | Killed a catoblepas
 11689 | Lair:2   | Found a gate leading to a gauntlet.
 11698 | Gauntlet | Entered a Gauntlet
 11698 | Gauntlet | Noticed a fire crab
 11698 | Gauntlet | Found a transporter.
 11698 | Gauntlet | Found a transporter.
 11698 | Gauntlet | Found a transporter.
 11719 | Gauntlet | Found a transporter.
 11729 | Gauntlet | Found a transporter.
 11732 | Gauntlet | Found a transporter.
 11747 | Gauntlet | Found a transporter.
 11747 | Gauntlet | Noticed a death yak
 11747 | Gauntlet | Noticed a death yak
 11749 | Gauntlet | Noticed a death yak
 11753 | Gauntlet | Noticed a necromancer
 11758 | Gauntlet | Noticed a death yak
 11758 | Gauntlet | Noticed a death yak
 11758 | Gauntlet | Noticed a death yak
 11761 | Gauntlet | Found a transporter.
 11761 | Gauntlet | Noticed a death yak
 11764 | Gauntlet | Noticed a death yak
 11764 | Gauntlet | Noticed a necromancer
 11767 | Gauntlet | Noticed a death yak
 11775 | Gauntlet | Found a transporter.
 11778 | Gauntlet | Found a transporter.
 11786 | Gauntlet | Found a transporter.
 11789 | Gauntlet | Found a transporter.
 11792 | Gauntlet | Noticed a shining eye
 11913 | Gauntlet | Killed a fire crab
 11914 | Gauntlet | Gained mutation: A demonic guardian rushes to your aid.
                  | [demonic ancestry]
 11914 | Gauntlet | Reached XP level 12. HP: 81/94 MP: 8/12
 11953 | Gauntlet | Identified the +3 helmet "Rananot" {Str+3 Int-3}
 11978 | Gauntlet | Identified the +4 leather armour "Eguom" {Rampage rPois
                  | Int+6}
 12001 | Gauntlet | Identified the ring "Vastrad" {*Slow Will+ rCorr Str+6
                  | Int+6}
 12010 | Gauntlet | Killed a death yak
 12223 | Gauntlet | Noticed a minotaur
 12229 | Gauntlet | Killed a minotaur
 13414 | Lair:3   | Noticed Fannar
 13425 | Lair:3   | Reached skill level 8 in Armour
 13472 | Lair:3   | Found a dark tunnel.
 13489 | Volcano  | Entered a volcano
 13815 | Lair:3   | Found a staircase to the Swamp.
 13890 | Lair:3   | Noticed an eight-headed hydra
 13933 | Lair:2   | Reached skill level 9 in Armour
 14206 | Lair:3   | Reached XP level 13. HP: 102/102 MP: 13/13
 14393 | Lair:3   | Found a hole to the Spider Nest.
 14987 | Lair:3   | Killed Fannar
 15288 | Lair:4   | Reached skill level 10 in Fighting
 15926 | Lair:4   | Reached skill level 10 in Armour
 16532 | Lair:5   | Entered Level 5 of the Lair of Beasts
 16942 | Lair:4   | Reached skill level 10 in Evocations
 17104 | Lair:5   | Identified the +0 ring mail of Eternal Vigilance {Dex+4}
 17626 | Lair:5   | Found a viscous altar of Jiyva.
 17626 | Lair:5   | Found a staircase to the Slime Pits.
 18075 | Lair:5   | Reached XP level 14. HP: 67/111 MP: 5/14
 19583 | Lair:5   | Reached skill level 11 in Armour
 19850 | Lair:5   | Identified the +2 helmet "Ulefacig" {Will+++ Regen+ Str-3
                  | Int+3}
 20059 | Orc:1    | Entered Level 1 of the Orcish Mines
 20214 | Orc:1    | Reached skill level 10 in Dodging
 20517 | Orc:1    | Found Woecae's Magic Scroll Emporium.
 20525 | Orc:1    | Bought a scroll of summoning for 171 gold pieces
 20525 | Orc:1    | Bought a scroll of noise for 18 gold pieces
 20525 | Orc:1    | Bought a scroll of identify for 36 gold pieces
 20525 | Orc:1    | Bought a scroll of identify for 36 gold pieces
 20525 | Orc:1    | Bought a scroll of vulnerability for 72 gold pieces
 20525 | Orc:1    | Bought a scroll of enchant armour for 135 gold pieces
 20525 | Orc:1    | Bought a scroll of teleportation for 54 gold pieces
 20525 | Orc:1    | Bought a scroll of brand weapon for 171 gold pieces
 20673 | Orc:2    | Entered Level 2 of the Orcish Mines
 20673 | Orc:2    | Noticed an orc warlord
 20673 | Orc:2    | Found a staircase to the Elven Halls.
 20683 | Orc:1    | Reached skill level 10 in Axes
 20862 | Orc:1    | Killed an orc warlord
 21401 | Orc:2    | Paralysed by an orc sorcerer for 3 turns
 21653 | Orc:2    | Noticed an orc warlord
 21728 | Orc:1    | Killed an orc warlord
 21985 | Orc:2    | Found Looso's Weapon Emporium.
 22149 | Orc:2    | Reached skill level 12 in Armour
 22164 | Orc:2    | Reached skill level 10 in Throwing
 22268 | Orc:2    | Found Qezaceps's Magic Scroll Emporium.
 22268 | Orc:2    | Found Deef's Weapon Shop.
 22280 | Orc:2    | Found Akeo's Antique Armour Shop.
 22280 | Orc:2    | Found Plog's Book Shoppe.
 22287 | Orc:2    | Bought a scroll of identify for 26 gold pieces
 22287 | Orc:2    | Bought a scroll of identify for 26 gold pieces
 22287 | Orc:2    | Bought a scroll of identify for 26 gold pieces
 22287 | Orc:2    | Bought a scroll of enchant weapon for 97 gold pieces
 22293 | Orc:2    | Bought a pair of runed gloves for 240 gold pieces
 22464 | Elf:1    | Entered Level 1 of the Elven Halls
 22479 | Elf:1    | Reached XP level 15. HP: 108/120 MP: 13/15
 22498 | Elf:1    | Found a radiant altar of Vehumet.
 23506 | Elf:1    | Found Roppeug's General Store.
 23518 | Elf:1    | Bought a potion of curing for 48 gold pieces
 23518 | Elf:1    | Bought a +1 hat of stealth for 256 gold pieces
 23518 | Elf:1    | Bought 3 silver boomerangs for 72 gold pieces
 23939 | Elf:1    | Noticed a Tzitzimitl
 23940 | Elf:1    | Noticed an Ice Fiend
 24298 | Elf:1    | Reached skill level 13 in Armour
 24385 | Elf:1    | Noticed an Ice Fiend
 24716 | Elf:1    | Got the Reference Book on Concussion
 24991 | Elf:2    | Found a crumbling gateway.
 25014 | Desolati | Entered the Desolation of Salt
 25034 | Desolati | HP: 3/180 [ragged hierophant/a resonance strike (16)]
 25034 | Desolati | Killed from afar by a ragged hierophant

Illustrated notes

Levels and vault maps discovered:
D:1:      minmay_arrival_stone_box, layout_basic
D:2:      layout_basic, dreamdust_ecumenical_altar_hidden_monk_grotto,
          minmay_split_cup_large, uniq_jessica
D:3:      layout_loops_ring, tso_metal_star,
          mainiacjoe_overflow_large_starburst, serial_undead, serial_undead_a,
          serial_undead_b, serial_undead_b, serial_undead_a, serial_undead_e,
          st_stairs_5
D:4:      lemuel_castle_with_subvaults [lemuel_castle_interior_carwin_3],
          layout_basic, mainiacjoe_overflow_cross_hatched,
          okawaru_altar_gauntlet_db
D:5:      layout_rooms, nzn_wu_jian_council_hall,
          nicolae_kikubaaqudgha_miasma_corner, chequers_jeans,
          nicolae_shop_overcharged_wands, uniq_ijyb
D:6:      layout_rooms, grunt_temple_overflow_open,
          chequers_serial_rivers_small_b, serial_park_tiny_2,
          nicolae_zen_rock_garden
D:7:      layout_loops_ring, mainiacjoe_overflow_surrounded_room,
          minmay_temple_entry_trees, uniq_maggie
D:8:      layout_loops_corners, vehumet_statue, nicolae_shop_firing_range,
          uniq_maurice, uniq_grum
D:9:      layout_small_grid, nicolae_gozag_seed_capital,
          mainiacjoe_overflow_concentric_impassable, lair_entry_dummy,
          enter_bailey_5, minmay_diced_spiral
D:10:     layout_irregular_city, kennysheep_mini_moat, orc_0_dummy,
          nicolae_titane
Temple:   nicolae_temple_bog_church
Lair:1:   layout_gridlike, chequers_serial_rivers_marsh, grunt_megastairs_5
Lair:2:   layout_regular_city, gauntlet_entry_generic
Lair:3:   layout_layer_cave, minmay_swamp_entry_reptiles,
          spider_nest_entry_rubble, nicolae_volcano_entry_s_turn, st_stairs_4,
          uniq_fannar
Lair:4:   lemuel_slime, layout_cave_pods, lemuel_fruit_tree,
          infiniplex_staircase_pool
Lair:5:   grunt_lair_end_beastmaster, layout_cave_pods,
          minmay_slime_entry_pillars, infiniplex_staircase_pool_2
Orc:1:    nicolae_orc_accident_2, layout_diamond_mine, serial_shops, shop,
          basic_altar, guppyfry_library_mini
Orc:2:    st_orc_ogre_mass, layout_caves, serial_shops, shop_fountains,
          roderic_batcave, mines2_david
Elf:1:    eino_elf_arrival_altar, layout_loops_corners, serial_shops, shop,
          minmay_elf_annihilation, grunt_megastairs_2
Elf:2:    elven_hall_of_blades_hangedman_alternative
          [infiniplex_blade_entry_pillars], layout_geoelf_diagonals,
          portal_desolation_entry_ruin, dreamdust_princess_corridor
Desolation

Skill      XL: |  1  2  3  4  5  6  7  8  9 10 11 12 13 14 15 |
---------------+----------------------------------------------+-----
Axes           | 2 3 4 5 6 7 8 9 10 11 | 11.1
Dodging        | 2 3 4 5 6 7 8 9 10 11 | 11.0
Evocations     | 1 2 3 4 5 6 8 9 10 11 | 11.8
Armour         | 1 2 3 4 5 6 7 9 10 12 13 | 13.2
Fighting       | 4 5 6 7 8 9 10 11 12 | 12.2
Throwing       | 1 2 3 4 5 7 8 9 10 | 10.6
Stealth        | |  4.5

Action                   |  1- 3 |  4- 6 |  7- 9 | 10-12 | 13-15 || total
-------------------------+-------+-------+-------+-------+-------++-------
Melee: Hand axe          |    77 |   204 |       |       |       ||   281
       Headbutt          |    14 |    40 |    84 |    91 |   142 ||   371
       Bardiche          |       |     9 |   121 |       |       ||   130
       Broad axe         |       |       |   249 |   199 |     6 ||   454
       Punch             |       |       |     3 |     3 |       ||     6
       Glaive            |       |       |       |   271 |   639 ||   910
       Morningstar       |       |       |       |       |     5 ||     5
Throw: Dart              |       |     3 |     1 |     1 |       ||     5
Evoke: Wand              |       |       |     4 |    11 |     2 ||    17
  Use: Potion            |     1 |       |       |     4 |     4 ||     9
       Scroll            |       |       |       |    16 |    10 ||    26
 Stab: Sleeping          |     5 |     5 |    14 |    16 |    26 ||    66
       Distracted        |       |     1 |     1 |     4 |    12 ||    18
Armor: Leather armour    |     4 |       |       |       |       ||     4
       Ring mail         |    13 |    94 |    65 |       |       ||   172
       Scale mail        |       |       |    11 |    19 |       ||    30
       Shadow dragon sca |       |       |   223 |   317 |   534 ||  1074
Dodge: Dodged            |    54 |   195 |   285 |   334 |   557 ||  1425

Table legend: (Time is in decaauts)
 A = Elapsed time spent in this place.
 B = Non-inter-level travel time spent in this place.
 C = Inter-level travel time spent in this place.
 D = Time resting spent in this place.
 E = Time spent auto-exploring this place.
 F = Levels seen in this place.
 G = Mean time per level.
                   A        B        C        D        E       F      G
               +--------+--------+--------+--------+--------+-----+--------+
         Total |  25783 |  24951 |    832 |    722 |  19035 |  24 | 1074.3 |
       Dungeon |  10273 |   9872 |    401 |     20 |   7504 |  10 | 1027.3 |
        Temple |    199 |    179 |     20 |      0 |    164 |   1 |  199.0 |
          Lair |   8580 |   8327 |    253 |    240 |   6746 |   5 | 1716.0 |
  Orcish Mines |   2517 |   2391 |    126 |    129 |   1672 |   2 | 1258.5 |
   Elven Halls |   2617 |   2587 |     30 |    264 |   1957 |   2 | 1308.5 |
        Bailey |    510 |    510 |      0 |     68 |    293 |   1 |  510.0 |
       Volcano |    246 |    246 |      0 |      0 |     77 |   1 |  246.0 |
    Desolation |     20 |     20 |      0 |      0 |      0 |   1 |   20.0 |
      Gauntlet |    817 |    817 |      0 |      0 |    621 |   1 |  817.0 |
               +--------+--------+--------+--------+--------+-----+--------+

Top non-repeatable levels by time:
  Lair:4: 2950 daAuts
   Elf:1: 2570 daAuts
   Orc:1: 1897 daAuts
  Lair:5: 1862 daAuts
     D:4: 1773 daAuts
     D:8: 1749 daAuts
  Lair:3: 1431 daAuts
  Lair:2: 1222 daAuts
  Lair:1: 1113 daAuts
     D:6: 1027 daAuts
     D:7: 973 daAuts
     D:2: 952 daAuts
     D:9: 911 daAuts
Gauntlet: 817 daAuts
    D:10: 769 daAuts
